 Dungeon Crawl Stone Soup version 0.17.1-3-g152610e (webtiles) character file.

193 imbaray the Insei (level 5, -8/28 HPs)
             Began as a Vine Stalker Monk on Mar 26, 2016.
             Mangled by kaze's ghost (10 damage)
             ... on level 4 of the Dungeon.
             The game lasted 00:08:10 (2288 turns).

imbaray the Insei (Vine Stalker Monk)               Turns: 2288, Time: 00:08:10

Health: -8/28      AC:  6    Str: 14    XL:     5   Next: 72%
Magic:  0/6        EV:  9    Int: 10    God:
Gold:   140        SH:  0    Dex: 17    Spells: 0 memorised, 4 levels left

rFire  . . .     SeeInvis .       - Unarmed
rCold  . . .     Clarity  .     r - +1 steam dragon armour
rNeg   + . .     SustAt   .     (no shield)
rPois  .         Gourm    .     (no helmet)
rElec  .         Spirit   +     (no cloak)
rCorr  .         Warding  +     (no gloves)
rMut   .         Stasis   .     (no boots)
MR     .....                    e - amulet of warding
Stlth  +++.......               (no ring)
                                (no ring)

@: not resistant to hostile enchantments, fairly stealthy
A: fangs 2, regeneration 1, magic shield, antimagic bite, no device heal 3, rot
immunity
a: no special abilities


You were on level 4 of the Dungeon.
You were not hungry.

You visited 1 branch of the dungeon, and saw 5 of its levels.

You collected 140 gold pieces.

Inventory:

Armour
 d - the +0 robe of Mysticism {rF+ Dex+4}
   (You found it on level 5 of the Dungeon)

   It affects your dexterity (+4).
   It protects you from fire.
 r - a +1 steam dragon armour (worn)
Jewellery
 e - an amulet of warding (around neck)
Scrolls
 f - a scroll of amnesia {unknown}
 h - a scroll of recharging
 k - a scroll of enchant armour
 l - a scroll of remove curse
Potions
 c - 3 potions of curing
 i - a potion of lignification {unknown}
 j - a potion of agility
 m - a potion of haste {unknown}
 n - a potion of flight {unknown}
 o - a potion of magic {unknown}
 q - a potion of might {unknown}
 s - a potion of poison {unknown}
Comestibles
 a - a beef jerky
 b - 3 bread rations
 g - 3 fruits


   Skills:
 + Level 3.3 Fighting
 + Level 3.4 Dodging
 + Level 3.4 Stealth
 + Level 5.2 Unarmed Combat


You had 4 spell levels left.
You didn't know any spells.

Dungeon Overview and Level Annotations

Branches:
Dungeon (5/15)
 Temple: D:4-7

Altars:
Sif Muna
Zin

Annotations:
D:4 kaze's ghost, novice GrBe


Innate Abilities, Weirdness & Mutations

You have extremely sharp teeth.
Your natural rate of healing is unusually fast.
When hurt, damage is shared between your health and your magic reserves.
Your bite disrupts and absorbs the magic of your enemies.
Potions and wands cannot restore your health.
You are immune to rotting.


Message History

That felt strangely unrewarding.
You hit the slave but do no damage. The slave hits you.
* * * LOW HITPOINT WARNING * * *
Found a bread ration.
You see here a bread ration.
b - 3 bread rations (gained 1)
The slave hits you.
* * * LOW HITPOINT WARNING * * *
You see here a ring mail.
There is an escape hatch in the ceiling here.
Kaze's ghost turns its malevolent gaze towards you.
Kaze's ghost hits you!
* * * LOW HITPOINT WARNING * * *
Kaze's ghost hits you.
* * * LOW HITPOINT WARNING * * *
Kaze's ghost hits you.
* * * LOW HITPOINT WARNING * * *
There is a stone staircase leading down here.
Kaze's ghost hits you!
You die...

####.# ##...## #....#
#.....######## #.####
#............. #.#
#............. #.#
#......##.### #.#
#.......#.# #.#
#####.......>.# #.#
#.Wp..........#
#.####@###..)........
#....(.#
#.......#.###
######## #....#.....
#####.###### #...
####


You could see a slave and kaze's ghost.

Vanquished Creatures
  A slave (D:4)
  An orc wizard (D:3)
  A worker ant (D:3)
  5 adders
  3 gnolls (D:3)
  A worm (D:3)
  3 giant geckos
  2 orcs (D:3)
  9 hobgoblins
  3 jackals (D:3)
  A quokka (D:2)
  2 ball pythons (D:3)
  8 bats
  3 giant cockroaches
  3 giant newts
  9 goblins
  5 kobolds
  3 rats
63 creatures vanquished.

Notes
Turn   | Place    | Note
--------------------------------------------------------------
     0 | D:1      | imbaray the Vine Stalker Monk began the quest for the Orb.
     0 | D:1      | Reached XP level 1. HP: 11/11 MP: 2/2
   297 | D:1      | Reached XP level 2. HP: 14/16 MP: 3/3
   836 | D:2      | Reached XP level 3. HP: 10/19 MP: 4/4
   952 | D:2      | Found a glowing silver altar of Zin.
  1150 | D:3      | Reached XP level 4. HP: 14/24 MP: 3/5
  1178 | D:3      | HP: 1/24 [goblin/club (3)]
  1573 | D:3      | Reached skill level 5 in Unarmed Combat
  1658 | D:3      | Reached XP level 5. HP: 17/28 MP: 4/6
  1691 | D:4      | Noticed kaze's ghost (novice GrBe)
  1774 | D:5      | Entered Level 5 of the Dungeon
  1859 | D:5      | Got a sheer robe
  1870 | D:5      | Identified the cursed +0 robe of Mysticism {rF+ Dex+4} (You found it on level 5 of the Dungeon)
  2083 | D:3      | Found a deep blue altar of Sif Muna.
  2217 | D:4      | Noticed a slave
  2217 | D:4      | Noticed a slave
  2217 | D:4      | Noticed a slave
  2219 | D:4      | Noticed a slave
  2251 | D:4      | Killed a slave
  2287 | D:4      | HP: 1/28 [kaze's ghost (3)]
  2288 | D:4      | Mangled by kaze's ghost

Action                   |  1- 3 |  4- 6 || total
-------------------------+-------+-------++-------
Melee: Unarmed           |    90 |   156 ||   246
  Use: Scroll            |       |    10 ||    10
 Stab: Sleeping          |     4 |     2 ||     6
       Distracted        |     2 |       ||     2
  Eat: Chunk             |       |     2 ||     2
       Meat ration       |       |     1 ||     1
